 Dungeon Crawl Stone Soup version 0.30-a0-802-gb92711bcdf (webtiles) character file.

Game seed: 10666603151218816668

259 dialectric the Covered (level 5, -1/41 HPs)
             Began as a Demonspawn Fighter on Feb 23, 2023.
             Slain by a scorpion (6 damage)
             ... on level 6 of the Dungeon.
             The game lasted 00:04:00 (3324 turns).

dialectric the Covered (Demonspawn Fighter)         Turns: 3324, Time: 00:04:00

Health: -1/41      AC:  8    Str: 18    XL:     5   Next: 95%
Magic:  5/5        EV: 15    Int: 10    God:
Gold:   286        SH:  0    Dex: 12    Spells: 4/4 levels left

rFire   . . .      SeeInvis .    a - +0 long sword
rCold   . . .      Faith    .    (no shield)
rNeg    + . .      Spirit   .    b - +0 scale mail
rPois   .          Reflect  .    (no helmet)
rElec   .          Harm     .    m - +0 cloak
rCorr   .          Rampage  .    (no gloves)
Will    .....                    (no boots) Stlth
                                 (no amulet)
HPRegen 0.26/turn                p - +5 ring of evasion
MPRegen 0.09/turn                w - ring of positive energy

@: lethally poisoned (-1 -> -5)
A: foul stench 1
a: no special abilities


You were on level 6 of the Dungeon.
You visited 1 branch of the dungeon, and saw 6 of its levels.

You collected 286 gold pieces.

Inventory:

Hand Weapons
 a - a +0 long sword (weapon)
Armour
 b - a +0 scale mail (worn)
 c - a +0 buckler
 f - a +0 chain mail
 m - a +0 cloak (worn)
Jewellery
 p - a +5 ring of evasion (left hand)
 w - a ring of positive energy (right hand)
Wands
 u - a wand of flame (15)
Scrolls
 d - a scroll of fog {unknown}
 h - 3 scrolls of identify
 k - 2 scrolls of enchant armour
 l - 5 scrolls of teleportation
 n - 3 scrolls of poison {unknown}
 q - a scroll of vulnerability {unknown}
 x - a scroll of fear {unknown}
Potions
 e - a potion of haste
 i - 2 potions of degeneration {unknown}
 j - a potion of curing {unknown}
 o - a potion of brilliance {unknown}
 r - a potion of mutation {unknown}
 s - a potion of resistance {unknown}
 t - a potion of berserk rage {unknown}
 v - a potion of might


   Skills:
 + Level 3.2 Fighting
 - Level 3.0 Long Blades
 + Level 4.6 Armour
 * Level 2.3 Dodging
 + Level 2.9 Shields


You had 4 spell levels left.
You didn't know any spells.
Your spell library contained the following spells:

 Spells                   Type           Power      Damage    Failure   Level
 Lesser Beckoning         Tloc           0%         N/A       86%         2
 Gell's Gravitas          Tloc           0%         N/A       98%         3
 Teleport Other           Tloc           0%         N/A       98%         3
 Cause Fear               Hex            0%         N/A       100%        4
 Dragon Form              Tmut           0%         N/A       100%        7
 Dragon's Call            Summ           0%         N/A       100%        9


Dungeon Overview and Level Annotations

Branches:
Dungeon (6/15)
 Temple: D:4-7

Altars:
Ru

Annotations:
D:5 1 transporter


Innate Abilities, Weirdness & Mutations

You may rarely emit foul miasma when damaged in melee.


Message History

The scorpion stings you but does no damage.
The scorpion barely misses you.
You closely miss the scorpion.
The scorpion is moderately wounded.
You feel sick. The scorpion closely misses you.
You closely miss the scorpion.
The scorpion is moderately wounded.
You feel sick. The scorpion closely misses you.
You slash the scorpion!
The scorpion is severely wounded.
You feel sick. The scorpion misses you. The scorpion closely misses you.
You hit the scorpion but do no damage.
The scorpion is severely wounded.
You feel sick. The scorpion barely misses you.
You barely miss the scorpion.
The scorpion is severely wounded.
You feel sick.
The scorpion stings you but does no damage.
The scorpion barely misses you.
You barely miss the scorpion.
The scorpion is severely wounded.
You feel sick.
You are no longer poisoned.
The scorpion stings you.
You are poisoned.
The scorpion poisons you!
You hit the scorpion but do no damage.
The scorpion is severely wounded.
* * * LOW HITPOINT WARNING * * *
You feel very sick. The scorpion stings you.
* * * LOW HITPOINT WARNING * * *
The scorpion stings you but does no damage.
You hit the scorpion but do no damage.
The scorpion is severely wounded.
* * * LOW HITPOINT WARNING * * *
You feel very sick.
The white imp grinds its teeth.
The scorpion stings you.
You die...

########
#......#
#......######
#...........#
#.#...<..####.#
#.#####@#####.#
...# #s#.....#
....# #5#.#####
.../.##...#
####......#
..........#
...##.....#
..........#
..........#


You could see a scorpion and a white imp.

Vanquished Creatures
  A scorpion (D:4)
  A hound (D:4)
  An iguana (D:4)
  5 adders
  A gnoll (D:5)
  4 dart slugs
  6 orcs
  5 bats
  6 endoplasms
  4 giant cockroaches
  8 hobgoblins
  5 jackals (D:1)
  7 ball pythons
  3 frilled lizards (D:2)
  8 goblins
  10 kobolds
  2 rats
77 creatures vanquished.

Notes
Turn   | Place    | Note
-------+----------+-------------------------------------------
     0 | D:1      | dialectric the Demonspawn Fighter began the quest for the
                  | Orb.
     0 | D:1      | Reached XP level 1. HP: 18/18 MP: 1/1
   203 | D:1      | Gained mutation: You may rarely emit foul miasma when
                  | damaged in melee. [demonic ancestry]
   203 | D:1      | Reached XP level 2. HP: 19/24 MP: 2/2
   511 | D:1      | Found a faded altar of an unknown god.
   878 | D:2      | Reached XP level 3. HP: 29/29 MP: 3/3
   914 | D:2      | Reached skill level 3 in Armour
  1354 | D:3      | Identified the +4 leather armour "Piqullo" {Rampage rF+ rC+
                  | Slay-6 Stlth+}
  1460 | D:3      | Reached XP level 4. HP: 21/35 MP: 4/4
  1467 | D:3      | Reached skill level 1 in Dodging
  1967 | D:4      | Noticed a scorpion
  1977 | D:4      | Killed a scorpion
  1978 | D:4      | Reached XP level 5. HP: 20/41 MP: 5/5
  2112 | D:4      | Found a sacrificial altar of Ru.
  2122 | D:4      | Reached skill level 4 in Armour
  2875 | D:5      | Entered Level 5 of the Dungeon
  2929 | D:5      | Found a transporter.
  3324 | D:6      | Slain by a scorpion

Illustrated notes

Levels and vault maps discovered:
D:1:      dpeg_arrival_round_a, layout_basic,
          hellmonk_ecumenical_altar_leap_of_faith, minmay_heptomino_h4
D:2:      layout_rooms, nicolae_figureground_sparkle
D:3:      layout_basic, minmay_fractal_squares_5
D:4:      layout_basic, mainiacjoe_overflow_tiny_flanked, minivault_5
D:5:      minmay_general_purpose_star, layout_layer_cave,
          amethyst_overflow_temple_binary, gammafunk_ghost_hive,
          roderic_filled_cross
D:6:      layout_rooms, uniq_edmund

Skill      XL: |  1  2  3  4  5 |
---------------+----------------+-----
Long Blades    | 2 3 |  3.0
Armour         | 3 4 |  4.6
Dodging        | 1 2 |  2.3
Fighting       | |  3.2
Shields        | |  2.9

Action                     |  1- 3 |  4- 6 || total
---------------------------+-------+-------++-------
  Melee: Long sword        |   136 |   133 ||   269
         Punch             |     1 |     1 ||     2
  Evoke: Wand              |       |     1 ||     1
    Use: Potion            |     1 |     1 ||     2
         Scroll            |       |     4 ||     4
 Armour: Scale mail        |    91 |    45 ||   136
  Dodge: Dodged            |   136 |   119 ||   255

Table legend: (Time is in decaauts)
 A = Elapsed time spent in this place.
 B = Non-inter-level travel time spent in this place.
 C = Inter-level travel time spent in this place.
 D = Time resting spent in this place.
 E = Time spent auto-exploring this place.
 F = Levels seen in this place.
 G = Mean time per level.
                   A        B        C        D        E       F      G
               +--------+--------+--------+--------+--------+-----+--------+
         Total |   3372 |   3301 |     71 |    222 |   2329 |   6 |  562.0 |
       Dungeon |   3372 |   3301 |     71 |    222 |   2329 |   6 |  562.0 |
               +--------+--------+--------+--------+--------+-----+--------+

Top non-repeatable levels by time:
     D:4: 950 daAuts
     D:3: 812 daAuts
     D:1: 798 daAuts
     D:5: 385 daAuts
     D:2: 377 daAuts
     D:6: 47 daAuts
